 Dungeon Crawl Stone Soup version 0.17.2-1-ge4368a0 (webtiles) character file.

1626 Goblin1989 the Cleaver (level 8, -7/58 HPs)
             Began as a Demonspawn Wanderer on Sept 22, 2016.
             Was a Priest of Makhleb.
             Mangled by a komodo dragon (19 damage)
             ... on level 8 of the Dungeon.
             The game lasted 00:33:00 (7116 turns).

Goblin1989 the Cleaver (Demonspawn Wanderer)        Turns: 7116, Time: 00:33:00

Health: -7/58      AC:  6    Str: 15    XL:     8   Next: 65%
Magic:  0/8        EV: 13    Int: 14    God:    Makhleb [***...]
Gold:   368        SH:  0    Dex: 12    Spells: 0 memorised, 7 levels left

rFire  . . .     SeeInvis .     a - +2 hand axe
rCold  . . .     Clarity  .     t - +0 ring mail
rNeg   . . .     SustAt   .     (no shield)
rPois  .         Gourm    .     (no helmet)
rElec  .         Spirit   +     s - +0 cloak
rCorr  .         Warding  .     (no gloves)
rMut   .         Stasis   .     (no boots)
MR     .....                    F - amulet of regeneration
Stlth  +.........               (no ring)
                                (no ring)

@: not resistant to hostile enchantments, very unstealthy
A: repulsion field 2, magic shield
a: Minor Destruction, Lesser Servant of Makhleb, Renounce Religion


You were on level 8 of the Dungeon.
You worshipped Makhleb.
Makhleb was most pleased with you.
You were very hungry.

You visited 1 branch of the dungeon, and saw 8 of its levels.

You collected 368 gold pieces.

Inventory:

Hand Weapons
 a - a +2 hand axe (weapon)
 b - the +8 spear of Valour {drain, rElec rF+ rC+ Int+4 Dex+4}
   (You found it on level 6 of the Dungeon)

   A truly terrible weapon, it drains the life of those it strikes.
   It affects your intelligence (+4).
   It affects your dexterity (+4).
   It protects you from fire.
   It protects you from cold.
   It insulates you from electricity.
Missiles
 x - 2 throwing nets (quivered)
Armour
 k - a +0 plate armour
 s - a +0 cloak (worn)
 t - a +0 ring mail (worn)
 y - the +1 hat "Ufriac" {*Confuse +Fly rElec rN+ Int+2}
   (You found it on level 4 of the Dungeon)

   It affects your intelligence (+2).
   It insulates you from electricity.
   It protects you from negative energy.
   It lets you fly.
   It may confuse you when you take damage.
Jewellery
 F - an amulet of regeneration (around neck)
Wands
 v - a wand of paralysis (10)
Scrolls
 e - a scroll of fear {unknown}
 h - 13 scrolls of identify {unknown}
 l - 5 scrolls of remove curse {unknown}
 n - 3 scrolls of magic mapping {unknown}
 o - a scroll of noise {unknown}
 p - 3 scrolls of enchant weapon {unknown}
 q - 4 scrolls of teleportation {unknown}
 u - 4 scrolls of amnesia {unknown}
 w - a scroll of fog {unknown}
Potions
 c - 3 potions of lignification
 d - a potion of ambrosia
 i - a potion of degeneration {unknown}
 m - 3 potions of invisibility {unknown}
 r - 4 potions of curing
 z - 2 potions of flight {unknown}
 B - a potion of magic {unknown}
 D - a potion of cure mutation {unknown}
Comestibles
 f - 5 bread rations
 g - 3 meat rations
 C - 8 slices of pizza


   Skills:
 + Level 3.2 Fighting
 * Level 10.1 Axes
   Level 1.0(6.4) Maces & Flails
 + Level 2.1 Armour
 - Level 1.7 Stealth


You had 7 spell levels left.
You didn't know any spells.

Dungeon Overview and Level Annotations

Branches:
Dungeon (8/15)             Temple (0/1) D:4            Lair (0/8) D:8

Altars:
Fedhas
Makhleb
Okawaru
Trog
Xom

Annotations:
D:4 Goblin1989's ghost, amateur DsAK
D:5 exclusion: Sigmund, Glorfindel's ghost, amateur HESk; Sigmund
D:6 Glorfindel's ghost, amateur HEFi; Glorfindel's ghost, amateur HESk
D:8 Erolcha


Innate Abilities, Weirdness & Mutations

You are surrounded by a moderate repulsion field (EV +3).
When hurt, damage is shared between your health and your magic reserves.


Message History

You hit the komodo dragon.
The komodo dragon is moderately wounded.
The komodo dragon completely misses you.
You regained 3 hp, and now have 31/58 hp.
You're too confused to move!
The komodo dragon bites you!!
You take 11 damage, and have 20/58 hp.
You now have 4/8 mp.
You bump into the rock wall.
The komodo dragon bites you!!
* * * LOW HITPOINT WARNING * * *
You take 15 damage, and have 5/58 hp.
MASSIVE DAMAGE!!
You now have 1/8 mp.
You bump into the rock wall.
The komodo dragon closely misses you.
You regained 4 hp, and now have 9/58 hp.
You regained 4 mp, and now have 5/8 mp.
Unknown command.
You bump into the rock wall.
You feel less invigorated.
You feel less confused. The komodo dragon bites you!!
You die...

#.# #.# #.##......#
#.# #.# #)####)####
#.# #.# #.##.....#
#.# #.# #K#####.##
#.# #.# #{##.....#
#.#######.#
#.#####.##
#.#.......# #.#
#§'..#
#.#.###############.#
###..# #.#.#
#.....@l.KK.# ####
#.#.# #.###########
#.#.# #.# #.#.# #.#
#.#.# #.# #.#.#####.#
#.#....<#.#
#.#######.#
#.........#


You could see a komodo dragon, a big kobold and a kobold.

Vanquished Creatures
  A human (D:8)
  An ogre (D:8)
  2 phantoms
  3 centaurs (D:7)
  A sky beast (D:7)
  2 giant frogs
  2 ice beasts
  3 scorpions
  A centaur skeleton (D:8)
  An orc priest (D:3)
  Ijyb (D:3)
  A hound (D:6)
  A giant frog skeleton (D:5)
  2 iguanas
  2 worker ants (D:7)
  6 gnolls
  6 adders
  A shadow imp (D:6)
  An adder zombie (D:5)
  An ooze (D:4)
  7 giant geckos
  6 orcs
  9 bats
  6 giant cockroaches
  6 goblins
  4 hobgoblins
  8 jackals
  6 quokkas
  A ball python (D:5)
  2 giant gecko skeletons
  5 giant newts
  9 kobolds
  7 rats
115 creatures vanquished.

Vanquished Creatures (others)
  A plant (D:8)
1 creature vanquished.

Grand Total: 116 creatures vanquished

Notes
Turn   | Place    | Note
--------------------------------------------------------------
     0 | D:1      | Goblin1989 the Demonspawn Wanderer began the quest for the Orb.
     0 | D:1      | Goblin1989 set off with: a +2 hand axe, a potion of curing, a potion of lignification, a +0 robe, a +0 dagger, a bread ration
     0 | D:1      | Reached XP level 1. HP: 18/18 MP: 1/1
   544 | D:1      | Gained mutation: You are surrounded by a mild repulsion field (EV +2). [demonic ancestry]
   544 | D:1      | Reached XP level 2. HP: 24/24 MP: 2/2
   815 | D:1      | You fall through a shaft!
   815 | D:2      | Found a burning altar of Makhleb.
   871 | D:2      | Became a worshipper of Makhleb the Destroyer
  1088 | D:2      | Gained mutation: You are surrounded by a moderate repulsion field (EV +3). [demonic ancestry]
  1088 | D:2      | Reached XP level 3. HP: 24/29 MP: 3/3
  1901 | D:3      | Noticed a giant frog
  1907 | D:3      | Killed a giant frog
  1907 | D:3      | Reached skill level 4 in Axes
  1907 | D:3      | Reached XP level 4. HP: 16/35 MP: 4/4
  2128 | D:3      | Reached * piety under Makhleb
  2128 | D:3      | Gained mutation: When hurt, damage is shared between your health and your magic reserves. [demonic ancestry]
  2128 | D:3      | Reached XP level 5. HP: 17/41 MP: 5/5
  2450 | D:3      | Noticed Ijyb
  2464 | D:3      | Killed Ijyb
  2464 | D:3      | Reached skill level 5 in Axes
  3166 | D:2      | Found a shimmering altar of Xom.
  3202 | D:3      | Found a faded altar to an unknown god.
  3585 | D:3      | Reached XP level 6. HP: 34/47 MP: 3/6
  4094 | D:4      | Got a warped hat
  4100 | D:4      | Identified the +1 hat "Ufriac" {*Confuse +Fly rElec rN+ Int+2} (You found it on level 4 of the Dungeon)
  4172 | D:4      | Reached skill level 6 in Axes
  4366 | D:4      | Found a staircase to the Ecumenical Temple.
  4506 | D:4      | Found a blossoming altar of Fedhas.
  4507 | D:4      | Noticed Goblin1989's ghost (amateur DsAK)
  4508 | D:4      | Goblin1989: ololoev
  4508 | D:4      | ololoev: hello gobber
  4508 | D:4      | Goblin1989: помоги найти дамп этого неучачника
  4508 | D:4      | ololoev: hello gobber's ghost
  4508 | D:4      | ololoev: какого?
  4508 | D:4      | ololoev: предыдущего?
  4508 | D:4      | ololoev: или кого?
  4508 | D:4      | Goblin1989: да
  4508 | D:4      | Goblin1989: этого демонспавна
  4508 | D:4      | ololoev: хепловского?
  4508 | D:4      | ololoev: !lg goblin1989 -log
  4508 | D:4      | Goblin1989: не
  4508 | D:4      | beem: 1107. Goblin1989, XL6 DsFi, T:4152: http://crawl.xtahua.com/crawl/morgue/Goblin1989/morgue-Goblin1989-20160922-112339.txt
  4508 | D:4      | Goblin1989: который напротив меня
  4508 | D:4      | ololoev: а
  4508 | D:4      | ololoev: сек
  4508 | D:4      | ololoev: !lg goblin1989 dsak place=d:4 -log
  4508 | D:4      | beem: 3. Goblin1989, XL5 DsAK, T:2462: http://crawl.xtahua.com/crawl/morgue/Goblin1989/morgue-Goblin1989-20160919-130320.txt
  4508 | D:4      | Goblin1989: какой-то рукожоп весь данжен своими демонспавнами засрал
  4553 | D:3      | ololoev: гоббер когда спидранчики пойдут?
  4553 | D:3      | Goblin1989: когда за комп сяду нормальный
  4553 | D:3      | ololoev: пора JD уже свергнуть с престола
  4553 | D:3      | Goblin1989: а не с этого сраного бука
  4553 | D:3      | Goblin1989: да
  4553 | D:3      | Goblin1989: не уверен что я это смогу
  4553 | D:3      | Goblin1989: так
  4553 | D:3      | Goblin1989: мне нужно мунут 40, сметаны домой принести нужно.
  4553 | D:3      | Goblin1989: я еще вернусь
  4632 | D:5      | Entered Level 5 of the Dungeon
  4640 | D:5      | Found an iron altar of Okawaru.
  4651 | D:5      | Reached ** piety under Makhleb
  4699 | D:5      | Found a bloodstained altar of Trog.
  4771 | D:5      | Noticed Sigmund
  4832 | D:5      | Noticed Glorfindel's ghost (amateur HESk)
  4833 | D:5      | Goblin1989: !lg glorfindel hesk place=d:5 -log
  4833 | D:5      | beem: 2. Glorfindel, XL6 HESk, T:1859: http://crawl.xtahua.com/crawl/morgue/Glorfindel/morgue-Glorfindel-20160922-052455.txt
  5406 | D:6      | Reached skill level 7 in Axes
  5406 | D:6      | Reached XP level 7. HP: 44/52 MP: 5/7
  5436 | D:6      | Got an ancient spear
  5437 | D:6      | Identified the +8 spear of Valour {drain, rElec rF+ rC+ Int+4 Dex+4} (You found it on level 6 of the Dungeon)
  5582 | D:6      | Noticed Glorfindel's ghost (amateur HEFi)
  5692 | D:7      | Reached skill level 8 in Axes
  6286 | D:7      | Reached XP level 8. HP: 58/58 MP: 8/8
  6373 | D:7      | Reached skill level 9 in Axes
  6540 | D:7      | Reached *** piety under Makhleb
  6926 | D:8      | Reached skill level 10 in Axes
  7029 | D:8      | Found a staircase to the Lair.
  7030 | D:8      | Noticed a komodo dragon
  7032 | D:8      | Noticed Erolcha
  7116 | D:8      | Mangled by a komodo dragon

Action                   |  1- 3 |  4- 6 |  7- 9 || total
-------------------------+-------+-------+-------++-------
Melee: Hand axe          |    95 |   198 |   245 ||   538
       Whip              |       |     6 |       ||     6
  Use: Potion            |       |       |     4 ||     4
 Stab: Sleeping          |     5 |     1 |       ||     6
  Eat: Chunk             |     3 |     9 |     6 ||    18
       Beef jerky        |       |     1 |       ||     1
